 Dungeon Crawl Stone Soup version 0.31.0-11-ge490571c62 (webtiles) character file.

Game seed: 6688818497559583881

121 qw the Skirmisher (level 4, -1/25 HPs)
             Began as a Deep Elf Hunter on Feb 4, 2024.
             Slain by a ribbon worm (3 damage)
             ... on level 3 of the Dungeon.
             The game lasted 00:00:09 (1629 turns).

qw the Skirmisher (Deep Elf Hunter)                 Turns: 1629, Time: 00:00:09

Health: -1/25      AC:  6    Str: 10    XL:     4   Next: 76%
Magic:  6/6        EV: 11    Int: 14    God:
Gold:   174        SH:  0    Dex: 18    Spells: 3/3 levels left

rFire   . . .        a - +1 shortbow
rCold   . . .        (shield currently unavailable)
rNeg    . . .        k - +0 ring mail
rPois   .            b - +0 helmet
rElec   .            (no cloak)
rCorr   .            (no gloves)
SInv    .            (no boots)
Will    .....        (no amulet)
Stlth   +            (no ring)
HPRegen 0.24/turn    (no ring)
MPRegen 0.10/turn

%: no passive effects
@: about to teleport
A: no striking features
a: no special abilities


You were on level 3 of the Dungeon.
You visited 1 branch of the dungeon, and saw 3 of its levels.

You collected 174 gold pieces.


   Skills:
 - Level 1.5 Fighting
 + Level 8.2 Ranged Weapons
 - Level 2.4 Dodging
 - Level 1.2 Stealth


You had 3 spell levels left.
You didn't know any spells.
Your spell library was empty.

Inventory:

Hand Weapons
 a - a +1 shortbow (weapon)
Armour
 b - a +0 helmet (worn)
 k - a +0 ring mail (worn)
Potions
 e - a potion of degeneration {unknown}
 g - a potion of might {unknown}
 h - a potion of heal wounds {unknown}
 i - a potion of resistance {unknown}

Dungeon Overview and Level Annotations

Branches:
Dungeon (3/15)

Altars:

Shops:
D:1 :   D:2 [


Message History

Enter note:
Enter note:
Enter note:
Enter note:
1623 ||| RETREEEEATING.
The ribbon worm expels a string of sticky webbing.
The stream of webbing hits you but does no damage.
You are caught in a web!
There is a web here.
The web tears apart.
Enter note:
Enter note:
Enter note:
Enter note:
1625 ||| RETREEEEATING.
The orc hits you but does no damage. The orc closely misses you.
Enter note:
Enter note:
1626 ||| RETREEEEATING.
You shoot an arrow. The orc shouts!
The arrow hits the orc.
The orc is moderately wounded.
You hear a shout!
The ribbon worm misses you. The orc barely misses you.
The orc hits you with a +0 war axe.
1627 ||| RETREEEEATING.
You shoot an arrow. The arrow hits the orc.
The orc is almost dead.
The orc hits you with a +0 flail. The orc hits you with a +0 club.
The orc barely misses you. x2; The ribbon worm bites you.
1628 ||| RETREEEEATING.
You shoot an arrow. The arrow hits the orc!
You kill the orc!
The orc closely misses you. The orc barely misses you.
The orc hits you but does no damage. The ribbon worm bites you.
1629 ||| READING scroll of teleportation.
As you read the scroll of teleportation, it crumbles to dust.
You feel strangely unstable. The orc barely misses you.
The orc hits you with a +0 flail. The orc hits you but does no damage.
The orc misses you. The ribbon worm bites you.
You die...

#.........# ####.........#
............+ #....o.....#
###..........#
#............# #...oo)....#
#...o@o:...# #...w......#
#..........# ## .
#..........# #.
....###[###################.
>..............[..........#.
...........##.......#####...
###........##.......# ###.
#........##.......# #.


You could see a ribbon worm and 5 orcs.

Vanquished Creatures
  A bombardier beetle (D:3)
  A gnoll (D:1)
  2 adders
  5 dart slugs
  An orc (D:3)
  5 ball pythons
  5 endoplasms
  4 giant cockroaches
  5 goblins
  6 hobgoblins
  3 bats
  3 frilled lizards
  2 kobolds
  9 rats
52 creatures vanquished.

Notes
Turn   | Place    | Note
-------+----------+-------------------------------------------
     0 | D:1      | qw the Deep Elf Hunter began the quest for the Orb.
     0 | D:1      | Reached XP level 1. HP: 12/12 MP: 3/3
     0 | D:1      | 0 ||| qw: Version: 0.3-a-160-g6735b56
     0 | D:1      | 0 ||| qw: Game counter: 5551
     0 | D:1      | 0 ||| qw: Melee chars always use a shield: true
     0 | D:1      | 0 ||| qw: God list: Okawaru
     0 | D:1      | 0 ||| qw: Allow faded altars: false
     0 | D:1      | 0 ||| qw: Do Orc after clearing Dungeon:15 true
     0 | D:1      | 0 ||| qw: Do second Lair branch before Depths: true
     0 | D:1      | 0 ||| qw: Lair rune preference: random
     0 | D:1      | 0 ||| qw: Goals: Normal
     0 | D:1      | 0 ||| PLANNING D:1-11
    84 | D:1      | Reached skill level 6 in Ranged Weapons
    84 | D:1      | Reached XP level 2. HP: 10/16 MP: 4/4
   174 | D:1      | Found a faded altar of an unknown god.
   307 | D:1      | Reached XP level 3. HP: 20/20 MP: 5/5
   312 | D:1      | Found Rouvueb's Book Shoppe.
   661 | D:1      | 661 ||| READING scroll labelled HOIX VICLYATT.
   662 | D:1      | 662 ||| READING scroll labelled KOQ KEWAMOE.
   666 | D:1      | 666 ||| DROPPING scroll of butterflies.
   727 | D:2      | Reached skill level 7 in Ranged Weapons
   929 | D:2      | 929 ||| FLEEEEING.
   930 | D:2      | 930 ||| FLEEEEING.
   932 | D:2      | 932 ||| FLEEEEING.
   933 | D:2      | 933 ||| FLEEEEING.
   934 | D:2      | 934 ||| FLEEEEING.
  1060 | D:2      | Found Biahil's Antique Armour Emporium.
  1068 | D:2      | Reached XP level 4. HP: 25/25 MP: 6/6
  1072 | D:2      | 1072 ||| SHOPLISTING glowing hat (161 gold, have 107).
  1072 | D:2      | 1072 ||| SHOPLISTING pair of runed boots (172 gold, have
                  | 107).
  1393 | D:2      | 1393 ||| UPGRADING to +0 helmet.
  1398 | D:2      | 1398 ||| UPGRADING to +0 ring mail.
  1408 | D:2      | 1408 ||| DROPPING +0 leather armour.
  1409 | D:2      | 1409 ||| READING scroll labelled VYGOCS TEUGIL.
  1409 | D:2      | 1409 ||| ENCHANTING +0 shortbow.
  1410 | D:2      | 1410 ||| DRINKING 2 lumpy golden potions.
  1411 | D:2      | 1411 ||| DRINKING 2 metallic amethyst potions.
  1412 | D:2      | 1412 ||| FLEEEEING.
  1413 | D:2      | 1413 ||| FLEEEEING.
  1414 | D:2      | 1414 ||| FLEEEEING.
  1415 | D:2      | 1415 ||| FLEEEEING.
  1416 | D:2      | 1416 ||| FLEEEEING.
  1417 | D:2      | 1417 ||| FLEEEEING.
  1418 | D:2      | 1418 ||| FLEEEEING.
  1419 | D:2      | 1419 ||| FLEEEEING.
  1420 | D:2      | 1420 ||| FLEEEEING.
  1421 | D:2      | 1421 ||| FLEEEEING.
  1422 | D:2      | 1422 ||| FLEEEEING.
  1423 | D:2      | 1423 ||| FLEEEEING.
  1424 | D:2      | 1424 ||| FLEEEEING.
  1425 | D:2      | 1425 ||| FLEEEEING.
  1426 | D:2      | 1426 ||| FLEEEEING.
  1427 | D:2      | 1427 ||| FLEEEEING.
  1428 | D:2      | 1428 ||| FLEEEEING.
  1429 | D:2      | 1429 ||| FLEEEEING.
  1430 | D:2      | 1430 ||| FLEEEEING.
  1431 | D:2      | 1431 ||| FLEEEEING.
  1432 | D:2      | 1432 ||| FLEEEEING.
  1433 | D:2      | 1433 ||| FLEEEEING.
  1434 | D:2      | 1434 ||| FLEEEEING.
  1435 | D:2      | 1435 ||| FLEEEEING.
  1436 | D:2      | 1436 ||| FLEEEEING.
  1437 | D:2      | 1437 ||| FLEEEEING.
  1438 | D:2      | 1438 ||| FLEEEEING.
  1439 | D:2      | 1439 ||| FLEEEEING.
  1440 | D:2      | 1440 ||| FLEEEEING.
  1441 | D:2      | 1441 ||| FLEEEEING.
  1442 | D:2      | 1442 ||| FLEEEEING.
  1443 | D:2      | 1443 ||| FLEEEEING.
  1444 | D:2      | 1444 ||| FLEEEEING.
  1445 | D:2      | 1445 ||| FLEEEEING.
  1446 | D:2      | 1446 ||| FLEEEEING.
  1447 | D:2      | 1447 ||| FLEEEEING.
  1448 | D:2      | 1448 ||| FLEEEEING.
  1449 | D:2      | 1449 ||| FLEEEEING.
  1450 | D:2      | 1450 ||| FLEEEEING.
  1451 | D:2      | 1451 ||| FLEEEEING.
  1452 | D:2      | 1452 ||| FLEEEEING.
  1453 | D:2      | 1453 ||| FLEEEEING.
  1454 | D:2      | 1454 ||| FLEEEEING.
  1455 | D:2      | 1455 ||| FLEEEEING.
  1456 | D:2      | 1456 ||| FLEEEEING.
  1457 | D:2      | 1457 ||| FLEEEEING.
  1458 | D:2      | 1458 ||| FLEEEEING.
  1459 | D:2      | 1459 ||| DROPPING potion of brilliance.
  1460 | D:2      | 1460 ||| DROPPING potion of berserk rage.
  1597 | D:3      | Reached skill level 8 in Ranged Weapons
  1623 | D:3      | 1623 ||| RETREEEEATING.
  1625 | D:3      | 1625 ||| RETREEEEATING.
  1626 | D:3      | 1626 ||| RETREEEEATING.
  1627 | D:3      | 1627 ||| RETREEEEATING.
  1628 | D:3      | 1628 ||| RETREEEEATING.
  1628 | D:3      | HP: 6/25 [ribbon worm (6)]
  1629 | D:3      | 1629 ||| READING scroll of teleportation.
  1629 | D:3      | HP: 2/25 [orc/+0 flail (4)]
  1629 | D:3      | Slain by a ribbon worm

Levels and vault maps discovered:
D:1:      amcnicky_arrival_gap_in_the_tavern_cellar, layout_basic, serial_shops,
          nicolae_shop_just_a_little_nook,
          shapermc_ecumenical_altar_totnotflames, minmay_box_of_dots
D:2:      layout_basic, serial_shops, shop, st_stairs_8
D:3:      layout_basic, gammafunk_ghost_nasty_kobolds

Skill      XL: |  1  2  3  4 |
---------------+-------------+-----
Ranged Weapons | 6 7 8 |  8.2
Fighting       | |  1.5
Dodging        | |  2.4
Stealth        | |  1.2

Action                     |  1- 3 |  4- 6 || total
---------------------------+-------+-------++-------
   Fire: Shortbow          |   112 |    42 ||   154
    Use: Scroll            |     2 |     2 ||     4
         Potion            |       |     2 ||     2
 Armour: Leather armour    |     8 |       ||     8
         Ring mail         |       |    10 ||    10
  Dodge: Dodged            |    12 |     9 ||    21

Table legend:
 A = Non-vault XP
 B = Vault XP
 C = Vault XP percentage of total XP
 D = Non-vault monster count
 E = Vault monster count
 F = Vault count percentage of total count
                 A         B        C        D         E       F
            +---------+---------+-------+---------+---------+-------
      Total |     170 |       3 |   1.7 |      50 |       2 |   3.8
            +---------+---------+-------+---------+---------+-------
        D:1 |      56 |       3 |   5.1 |      24 |       2 |   7.7
        D:2 |      53 |       0 |   0.0 |      21 |       0 |   0.0
        D:3 |      61 |       0 |   0.0 |       5 |       0 |   0.0
            +---------+---------+-------+---------+---------+-------
